Map: Submarine LE

Players

FeEbLeNFraiL - Winner!

  • Race: Protoss Protoss
  • League: Master
  • Spawn Location: 5:00

OiLTowN

  • Race: Zerg Zerg
  • League: Master
  • Spawn Location: 11:00

VOD

Have the link to the VOD?

Description

Time

  • Played on: Aug. 24, 2020, 8:30 p.m.
  • Length: 5:41
Show
View Real Time Build Order
Export as new Build Order

FeEbLeNFraiL Protoss - Winner!

Build Orders: 1 Gate Expand 

Get SALT Encoding   

  12  0:00  Probe  
  13  0:12  Probe  
  14  0:19  Pylon  
  14  0:24  Probe (Chrono Boost)  
  15  0:38  Probe (Chrono Boost)  
  15  0:40  Gateway  
  16  0:45  Probe (Chrono Boost)  
  17  0:53  Probe  
  18  1:03  Assimilator  
  17  1:07  Probe  
  18  1:23  Nexus  
  18  1:32  Cybernetics Core  
  18  1:36  Probe  
  19  1:41  Assimilator  
  19  1:51  Pylon  
  19  1:52  Probe  
  20  2:04  Probe  
  21  2:10  Adept (Chrono Boost)  
  21  2:12  Gateway  
  21  2:14  Warp Gate (Chrono Boost)  
  23  2:28  Twilight Council  
  23  2:37  Zealot (Chrono Boost)  
  25  2:52  Robotics Facility  
  25  2:57  Probe x2  
  25  3:06  Stalker  
  25  3:10  Probe  
  25  3:11  Probe  
  29  3:21  Gateway  
  29  3:22  Probe  
  29  3:23  Probe  
  29  3:26  Charge (Chrono Boost)  
  31  3:38  Probe x2  
  33  3:48  Gateway  
  33  3:50  Gateway  
  33  3:55  Gateway  
  33  4:00  Probe x2  
  35  4:05  Gateway  
  35  4:09  Warp Prism (Chrono Boost)  
  37  4:19  Pylon  
  37  4:21  Probe  
  37  4:23  Zealot  
  40  4:25  Zealot  
  40  4:30  Pylon  
  42  4:36  Zealot  
  44  4:44  Pylon  
  44  4:47  Zealot x2  
  44  4:48  Zealot  
  44  4:49  Zealot  
  52  5:02  Pylon  
  52  5:12  Zealot x6  
  64  5:17  Zealot  
  64  5:30  Zealot  
  64  5:31  Zealot  
  64  5:32  Zealot x3  
Show
View Real Time Build Order
Export as new Build Order

OiLTowN Zerg 

Build Orders: Hatch First 

Get SALT Encoding   

  12  0:08  Drone  
  12  0:13  Overlord  
  13  0:25  Drone  
  14  0:32  Drone x2  
  16  0:52  Drone  
  17  1:02  Hatchery  
  16  1:07  Drone x2  
  16  1:10  Extractor  
  17  1:17  Spawning Pool  
  16  1:19  Drone  
  16  1:24  Drone  
  18  1:35  Drone  
  19  1:47  Drone  
  20  1:55  Drone  
  21  2:11  Zergling x2  
  21  2:14  Queen  
  21  2:15  Queen  
  26  2:18  Metabolic Boost  
  26  2:21  Hatchery  
  25  2:27  Drone x2  
  27  2:33  Overlord  
  27  2:42  Zergling x2  
  28  2:51  Queen  
  28  2:52  Zergling x6  
  33  3:03  Spore Crawler  
  33  3:04  Spore Crawler  
  33  3:06  Queen  
  33  3:09  Overlord  
  33  3:11  Drone  
  36  3:19  Overlord  
  36  3:27  Drone  
  36  3:28  Drone x4  
  41  3:34  Queen  
  41  3:36  Drone  
  44  3:42  Drone  
  44  3:47  Drone x3  
  48  3:49  Overlord  
  48  3:56  Lair  
  48  4:03  Drone x4  
  52  4:12  Extractor  
  52  4:15  Extractor  
  50  4:20  Drone x2  
  50  4:21  Drone, Roach Warren  
  50  4:23  Overlord  
  50  4:24  Overlord  
  52  4:29  Queen  
  54  4:34  Queen  
  56  4:39  Drone  
  56  4:42  Drone x3  
  60  4:49  Drone x4  
  64  4:53  Overseer  
  62  5:01  Roach x4  
  62  5:05  Roach  
  72  5:09  Overlord  
  72  5:14  Roach  
  74  5:15  Overlord  
Tags
 
Add a new tag
Caveats
  • Supply blocks, unpowered buildings, or Contaminate may cause inaccurate times.
  • Supply counts are checked every 10 seconds.